Map: Wzgórza Doraelus

Players

GoodWin - Winner!

  • Race: Protoss Protoss

vitaliy - Winner!

  • Race: Terran Terran

Паханчик - Winner!

  • Race: Protoss Protoss

Arhelon

  • Race: Terran Terran

Gracz

  • Race: Terran Terran

Xam

  • Race: Zerg Zerg

VOD

Have the link to the VOD?

Description

Time

  • Played on: March 4, 2016, 11:05 a.m.
  • Length: 17:30
Show
View Real Time Build Order
Export as new Build Order

GoodWin Protoss - Winner!

Build Orders: Double Forge 

Get SALT Encoding   

  12  0:10  Pylon  
  12  0:28  Gateway  
  12  0:39  Pylon  
  12  0:49  Forge  
  12  1:12  Assimilator  
  12  1:18  Assimilator  
  12  1:22  Cybernetics Core  
  12  1:37  Photon Cannon  
  12  1:42  Probe (Chrono Boost)  
  13  1:53  Probe (Chrono Boost), Photon Cannon  
  14  2:14  Probe (Chrono Boost)  
  15  2:19  Zealot  
  17  2:24  Probe (Chrono Boost)  
  17  2:29  Warp Gate  
  18  2:38  Gateway  
  18  2:49  Pylon  
  18  2:54  Pylon  
  18  2:58  Protoss Ground Weapons Level 1  
  18  3:15  Gateway  
  18  3:28  Gateway  
  18  3:48  Forge  
  18  4:08  Pylon  
  15  5:05  Zealot x4  
  23  5:27  Probe (Chrono Boost)  
  24  5:38  Probe (Chrono Boost)  
  25  5:53  Nexus  
  25  5:57  Pylon  
  25  6:00  Pylon  
  25  6:21  Pylon  
  25  6:24  Pylon  
  25  6:26  Protoss Ground Armor Level 1  
  25  6:27  Pylon  
  25  6:43  Photon Cannon  
  25  6:58  Protoss Shields Level 1  
  25  7:22  Probe (Chrono Boost)  
  26  7:32  Probe (Chrono Boost)  
  27  7:43  Probe (Chrono Boost)  
  28  7:46  Gateway  
  28  7:52  Gateway  
  28  7:53  Probe (Chrono Boost)  
  29  8:04  Probe (Chrono Boost)  
  30  8:06  Twilight Council  
  30  8:27  Zealot x2  
  30  8:28  Zealot x2  
  38  8:52  Probe (Chrono Boost)  
  39  8:59  Protoss Ground Armor Level 2  
  39  9:01  Protoss Ground Weapons Level 2  
  40  9:02  Probe (Chrono Boost)  
  40  9:13  Charge, Probe (Chrono Boost)  
  41  9:23  Probe (Chrono Boost), Zealot x2  
  46  9:34  Probe (Chrono Boost)  
  47  9:44  Gateway  
  47  9:46  Gateway  
  47  9:47  Gateway  
  47  10:11  Zealot  
  47  10:12  Zealot x5  
  59  10:43  Zealot  
  59  10:44  Zealot x5  
  59  10:45  Zealot  
  73  11:04  Zealot x4  
  75  11:05  Zealot  
  83  11:20  Protoss Ground Weapons Level 3  
  83  11:23  Protoss Ground Armor Level 3  
  83  11:41  Mothership Core (Chrono Boost)  
  85  11:47  Zealot  
  85  11:48  Zealot x3  
  93  12:01  Pylon  
  93  12:02  Pylon  
  93  12:05  Pylon  
  93  12:07  Pylon  
  83  13:17  Zealot x4  
  83  13:18  Zealot x4  
  83  13:19  Zealot  
  47  14:04  Zealot x3  
  47  14:05  Zealot x6  
  65  14:25  Zealot x3  
  65  14:26  Zealot x6  
  29  15:26  Nexus  
  29  15:35  Nexus  
  29  15:49  Zealot x6  
  41  15:50  Zealot x3  
  47  16:24  Nexus  
  47  17:01  Zealot x5  
  51  17:02  Zealot x4  
Show
View Real Time Build Order
Export as new Build Order

vitaliy Terran - Winner!

Build Orders: MMM Bio 

Get SALT Encoding   

  12  0:01  SCV  
  13  0:13  SCV  
  14  0:22  Supply Depot  
  14  0:25  SCV  
  15  0:43  SCV  
  15  0:46  Barracks  
  16  0:51  Refinery  
  16  0:54  Refinery  
  16  0:57  SCV  
  17  1:08  Barracks  
  17  1:10  SCV  
  18  1:25  SCV  
  19  1:36  Barracks Tech Lab  
  19  1:39  Orbital Command  
  19  1:48  Factory  
  19  1:56  Marine  
  19  1:57  Barracks Reactor  
  20  2:05  Supply Depot  
  20  2:09  SCV  
  20  2:14  Marine  
  22  2:20  Stimpack  
  22  2:23  SCV  
  23  2:40  Starport  
  23  2:41  Marine x2  
  25  2:46  Marauder  
  25  2:48  SCV  
  28  2:53  Supply Depot  
  28  2:58  Marine  
  28  2:59  Marine  
  28  3:02  SCV  
  31  3:05  Factory Reactor  
  31  3:15  Marauder  
  31  3:17  Supply Depot  
  33  3:24  Marine x2  
  35  3:27  SCV  
  35  3:31  Medivac  
  38  3:36  Marine  
  38  3:39  SCV  
  40  3:46  Supply Depot  
  40  3:47  Marine x2  
  42  3:52  SCV  
  43  3:56  Marine  
  43  4:01  Medivac  
  46  4:06  SCV  
  47  4:11  Marine x2  
  49  4:25  Marauder  
  49  4:27  SCV  
  52  4:32  Command Center  
  52  4:50  Marine x2  
  52  4:52  Combat Shields  
  54  4:57  SCV  
  55  5:06  Supply Depot  
  55  5:09  Engineering Bay  
  55  5:27  Marine  
  55  5:28  Marauder  
  56  6:37  SCV x2  
  58  6:49  SCV x2  
  47  7:25  Barracks x3  
  47  7:26  Terran Infantry Weapons Level 1  
  47  7:28  Barracks  
  47  7:29  Engineering Bay  
  47  7:34  Liberator  
  47  7:35  Liberator, Supply Depot, Armory  
  47  7:36  SCV  
  49  7:41  Orbital Command  
  48  7:48  SCV  
  48  7:49  Marine  
  48  7:50  Marine x2  
  52  7:58  Supply Depot  
  58  8:00  SCV  
  59  8:12  Refinery, SCV  
  60  8:14  SCV  
  60  8:16  Barracks Tech Lab  
  60  8:17  Barracks Tech Lab, Barracks Reactor x2  
  60  8:19  Barracks Tech Lab  
  61  8:21  Refinery  
  61  8:22  Marine x2  
  61  8:23  Marine  
  61  8:24  SCV  
  61  8:26  SCV  
  66  8:35  Terran Infantry Armor Level 1  
  66  8:36  SCV  
  66  8:37  Command Center  
  66  8:38  SCV  
  66  8:40  Marine x2  
  72  8:41  Supply Depot, Marauder  
  72  8:42  Medivac, Supply Depot x2  
  72  8:43  Medivac  
  76  9:02  Marauder  
  73  9:26  Marine, Supply Depot  
  73  9:27  Marine x7  
  73  9:28  Supply Depot  
  73  9:29  Supply Depot x2  
  81  9:44  Marine x3  
  81  9:45  Marine, Marauder x4, Terran Infantry Weapons Level 2  
  93  9:50  Supply Depot  
  93  10:02  Marine  
  94  10:07  Supply Depot  
  94  10:08  Supply Depot  
  94  10:11  Supply Depot  
  94  10:18  Supply Depot  
  94  10:30  SCV x2  
  96  10:42  SCV x2  
  98  10:54  SCV  
  99  11:01  Orbital Command  
  99  11:03  Marine, SCV  
  99  11:04  Marine x7  
  105  11:21  Marine  
  105  11:22  Marine x5, Marauder x2  
  115  11:27  Medivac  
  115  11:28  Medivac  
  119  11:33  Terran Infantry Armor Level 2  
  119  11:40  Marauder  
  121  11:54  Factory  
  121  12:16  SCV  
  121  12:17  SCV x2  
  121  12:22  Marine x2  
  125  12:23  Marine x6, Refinery  
  125  12:26  Refinery  
  125  12:28  SCV  
  125  12:29  SCV x2  
  135  12:40  Marine x7  
  135  12:41  Marauder  
  144  12:58  Marine x4  
  145  12:59  Marauder x3  
  145  13:00  SCV  
  145  13:01  SCV x2  
  145  13:02  Marauder  
  159  13:13  SCV x2  
  159  13:15  Marine  
  159  13:16  Marine x3  
  165  13:20  Marine x3  
  165  13:23  Marine  
  169  13:33  Marine  
  170  13:51  Marine  
  170  13:52  Marine x7  
  151  14:09  Marine  
  126  14:10  Marine x7  
  124  14:27  Marine x4  
  124  14:28  Marauder x4  
  136  14:32  Command Center  
  136  14:41  Barracks, Command Center  
  136  14:44  Terran Infantry Weapons Level 3  
  136  14:45  Barracks, Marine x4, Terran Infantry Armor Level 3  
  137  14:47  Barracks  
  137  14:49  Marine x2, Marauder  
  137  14:50  Marauder  
  146  15:01  Factory Tech Lab  
  146  15:02  Factory Tech Lab  
  146  15:03  Marine x4  
  150  15:07  Marauder x2  
  150  15:09  Factory  
  150  15:11  Marauder x2  
  158  15:20  Marine  
  158  15:21  Marine x3  
  162  15:29  Marauder x2  
  162  15:32  Marauder x2  
  170  15:38  Marine  
  170  15:39  Marine x3  
  174  15:47  Barracks Tech Lab x2, Barracks Reactor  
  174  15:50  Marauder x2  
  174  15:53  Marine x2  
  174  15:56  Orbital Command  
  180  15:58  Orbital Command  
  180  16:10  Marine x6  
  180  16:11  Marine x4  
  190  16:28  Marine x6  
  190  16:29  Marine x3  
Show
View Real Time Build Order
Export as new Build Order

Паханчик Protoss - Winner!

Build Orders: Dark Templar Rush 

Get SALT Encoding   

  12  0:04  Probe (Chrono Boost)  
  14  0:14  Probe (Chrono Boost)  
  14  0:21  Pylon  
  14  0:33  Probe (Chrono Boost)  
  15  0:43  Gateway  
  15  0:47  Assimilator  
  15  0:52  Assimilator  
  15  0:53  Probe (Chrono Boost)  
  16  1:03  Probe (Chrono Boost)  
  17  1:14  Probe (Chrono Boost)  
  18  1:24  Probe (Chrono Boost)  
  19  1:33  Cybernetics Core  
  19  1:35  Probe (Chrono Boost)  
  20  1:44  Gateway  
  20  1:45  Probe (Chrono Boost)  
  21  1:56  Probe (Chrono Boost)  
  22  2:03  Gateway  
  22  2:13  Twilight Council  
  22  2:23  Robotics Facility  
  22  2:29  Warp Gate (Chrono Boost)  
  22  2:41  Pylon  
  22  2:48  Gateway  
  22  3:00  Dark Shrine  
  22  3:14  Gateway  
  22  3:16  Gateway  
  22  3:33  Warp Prism  
  24  3:45  Pylon  
  24  3:47  Pylon  
  24  4:09  Observer  
  25  4:29  Dark Templar x2  
  25  4:30  Dark Templar  
  31  5:34  Forge  
  31  5:35  Forge  
  31  5:37  Forge  
  31  5:39  Pylon  
  31  6:03  Nexus  
  31  6:07  Assimilator  
  31  6:12  Assimilator  
  31  6:16  Dark Templar x3  
  31  6:17  Dark Templar  
  31  6:18  Dark Templar x2  
  31  6:55  Dark Templar  
  33  7:02  Dark Templar  
  31  7:28  Probe (Chrono Boost)  
  32  7:38  Probe (Chrono Boost)  
  33  7:49  Probe (Chrono Boost)  
  34  7:59  Probe (Chrono Boost)  
  35  8:10  Probe (Chrono Boost)  
  36  8:20  Probe (Chrono Boost)  
  37  8:31  Probe (Chrono Boost)  
  37  8:33  Observer  
  37  8:41  Probe (Chrono Boost)  
  37  8:45  Protoss Ground Weapons Level 1, Protoss Ground Armor Level 1  
  37  8:46  Protoss Shields Level 1  
  38  8:52  Probe (Chrono Boost)  
  38  8:55  Warp Prism  
  42  9:03  Probe (Chrono Boost)  
  42  9:13  Probe (Chrono Boost)  
  43  9:40  Pylon  
  43  9:42  Pylon  
  37  10:32  Robotics Bay  
  37  10:33  Robotics Facility  
  37  10:36  Robotics Facility  
  37  10:51  Nexus  
  37  10:54  Assimilator  
  37  10:57  Protoss Ground Weapons Level 2, Protoss Ground Armor Level 2  
  37  10:58  Assimilator, Protoss Shields Level 2  
  37  11:26  Dark Templar x2  
  37  11:27  Dark Templar x2  
  37  12:09  Colossus x2  
  37  12:10  Colossus  
  55  12:19  Probe (Chrono Boost)  
  56  12:30  Probe (Chrono Boost)  
  57  12:40  Probe (Chrono Boost)  
  59  12:51  Probe (Chrono Boost)  
  59  13:01  Probe (Chrono Boost)  
  59  13:03  Colossus x3  
  78  13:06  Extended Thermal Lance (Chrono Boost)  
  78  13:10  Probe  
  79  13:21  Probe  
  79  13:23  Protoss Ground Weapons Level 3  
  79  13:24  Protoss Ground Armor Level 3  
  79  13:25  Protoss Shields Level 3  
  80  13:31  Probe  
  81  13:40  Dark Templar  
  81  13:41  Dark Templar  
  85  13:42  Probe  
  86  13:59  Dark Templar  
  86  14:00  Dark Templar  
  81  14:53  Colossus x3  
  99  15:41  Nexus  
  99  15:44  Assimilator  
  99  15:45  Assimilator  
Show
View Real Time Build Order
Export as new Build Order

Arhelon Terran 

Build Orders: MMM Bio 

Get SALT Encoding   

  12  0:02  SCV  
  13  0:14  SCV  
  14  0:25  Supply Depot  
  14  0:26  SCV  
  15  0:47  SCV  
  15  0:49  Barracks  
  16  1:01  Barracks  
  16  1:03  SCV  
  17  1:15  SCV  
  18  1:30  SCV  
  19  1:40  Command Center  
  19  1:43  Marine  
  20  1:48  Marine, Supply Depot  
  20  1:50  SCV  
  20  1:54  Refinery  
  22  2:05  Refinery, SCV  
  23  2:10  Marine x2  
  25  2:18  SCV  
  26  2:27  Marine x2  
  28  2:30  SCV  
  29  2:55  Barracks  
  29  2:58  Barracks Tech Lab x2  
  29  3:03  Orbital Command  
  29  3:19  Combat Shields  
  29  3:20  Marine x2  
  31  3:32  SCV  
  32  3:36  SCV  
  32  3:38  Marine x2  
  35  3:45  SCV  
  35  3:48  Factory  
  36  3:49  SCV  
  36  3:51  Stimpack  
  37  3:55  Barracks Reactor  
  37  3:57  SCV  
  37  4:01  SCV  
  39  4:06  Marine  
  39  4:07  Marine  
  39  4:09  SCV  
  42  4:13  SCV  
  43  4:21  SCV  
  44  4:25  SCV  
  44  4:28  Engineering Bay  
  45  4:32  Factory  
  45  4:33  SCV  
  45  4:37  SCV  
  47  4:38  Factory Tech Lab  
  47  4:44  Refinery  
  47  4:45  SCV  
  48  4:47  Refinery  
  48  4:49  SCV  
  48  4:51  Marine  
  48  4:52  Marine x3  
  51  4:55  Concussive Shells  
  51  4:56  Supply Depot  
  51  4:57  SCV  
  54  5:18  Marine x3, Siege Tank, SCV x2  
  54  5:20  Supply Depot  
  62  5:27  Starport, Factory Tech Lab  
  62  5:32  Armory  
  62  5:41  Marine, SCV x2  
  62  5:42  Supply Depot  
  65  5:49  Marauder  
  67  5:51  Marine x2  
  67  5:53  SCV  
  70  6:04  Marauder  
  72  6:09  Marine x2  
  72  6:10  Marauder  
  72  6:27  Siege Tank x2  
  78  6:40  Marine, SCV  
  78  6:41  Marine  
  76  6:49  Missile Turret  
  76  6:52  SCV  
  77  6:58  Marine  
  78  7:12  Missile Turret  
  78  7:16  Supply Depot  
  78  7:18  Marine, SCV  
  77  7:24  Orbital Command  
  77  7:28  Missile Turret  
  77  7:38  Starport  
  77  7:39  Marauder x2  
  77  7:40  Marine x2  
  77  7:42  Supply Depot  
  77  7:43  Terran Infantry Weapons Level 1  
  77  7:44  Terran Vehicle Weapons Level 1  
  83  7:47  Missile Turret  
  83  7:49  Missile Turret  
  83  7:53  Thor  
  83  7:57  Thor  
  83  7:58  Marine x2  
  95  8:00  Marauder x2  
  95  8:04  Supply Depot  
  101  8:16  Marine x2  
  103  8:21  Marauder x2  
  107  8:29  Command Center  
  107  8:30  Supply Depot  
  107  8:32  Factory  
  107  8:34  Marine x2  
  107  8:36  Thor  
  115  8:43  Marauder  
  117  8:49  Thor  
  117  8:50  Marauder  
  117  8:52  Supply Depot  
  125  8:57  Starport Reactor  
  125  8:59  Starport  
  122  9:04  Marauder  
  121  9:11  Marauder  
  123  9:18  Thor  
  129  9:24  SCV  
  130  9:32  Thor  
  130  9:36  SCV  
  130  9:37  Terran Infantry Armor Level 1  
  130  9:38  Terran Vehicle And Ship Armor Level 1  
  137  9:41  Missile Turret  
  137  9:48  SCV  
  138  10:00  SCV  
  139  10:07  Factory Tech Lab  
  139  10:12  Starport Tech Lab  
  139  10:13  Missile Turret, SCV  
  140  10:21  Fusion Core  
  140  10:22  Supply Depot  
  140  10:23  Thor x2  
  140  10:26  Thor  
  146  10:49  Orbital Command  
  146  10:56  Missile Turret  
  145  11:08  Medivac x3  
  149  11:26  SCV x2  
  149  11:27  SCV  
  149  11:31  Hi-Sec Auto Tracking  
  152  11:38  Medivac x2, SCV  
  152  11:39  SCV x2  
  159  11:50  SCV  
  159  11:51  SCV x2  
  161  12:03  SCV x3  
  164  12:15  SCV  
  165  12:28  Medivac x2, SCV x2, Raven  
  173  12:31  Refinery  
  173  12:34  Refinery  
  173  12:58  Terran Vehicle Weapons Level 2  
  173  13:06  Missile Turret  
  173  13:09  SCV x2  
  173  13:10  SCV, Raven  
  178  13:21  SCV  
  178  13:22  SCV x2  
  178  13:26  Supply Depot  
  181  13:27  Missile Turret  
  181  13:29  Advanced Ballistics  
  181  13:41  SCV  
  181  13:43  Viking x2  
  169  13:49  Missile Turret  
  169  13:53  Viking  
  115  14:11  Missile Turret  
  113  14:29  Marauder x2  
  113  14:30  Marine  
  113  14:31  Marine  
  118  14:48  Marine x2  
  118  14:51  Marauder x2  
  124  15:03  Hellion x3  
  124  15:06  Marine x2  
  126  15:12  Marine x2  
  126  15:24  Hellion x2, Marine x2  
  132  15:29  Marine x2  
  134  15:37  Missile Turret  
  134  15:38  Missile Turret x2  
  134  15:46  Orbital Command  
  134  15:47  Marine x2  
  136  15:56  Infernal Pre-Igniter  
  136  15:59  Raven  
  136  16:01  Corvid Reactor  
  138  16:22  SCV  
  138  16:23  SCV  
  140  16:30  Viking  
  142  16:32  Viking  
  142  16:35  SCV x2  
  146  16:42  Raven  
  146  16:44  Refinery  
  146  16:45  Refinery  
  146  16:47  SCV  
  124  16:59  SCV  
  41  17:11  SCV  
Show
View Real Time Build Order
Export as new Build Order

Gracz Terran 

Build Orders:  

Get SALT Encoding   

  12  0:03  SCV  
  13  0:33  SCV  
  13  0:35  Refinery  
  14  0:37  Supply Depot  
  14  1:00  SCV  
  15  1:12  SCV  
  15  1:15  Barracks  
  16  1:29  Barracks, SCV  
  17  1:55  Supply Depot  
  17  2:01  Barracks Reactor  
  17  2:11  SCV  
  17  2:13  Refinery  
  18  2:23  SCV  
  18  2:26  Factory  
  19  2:38  Marine  
  19  2:39  Marine  
  19  2:41  Barracks Reactor  
  21  2:52  SCV  
  22  2:59  Reaper  
  22  3:01  Reaper  
  24  3:20  Supply Depot  
  24  3:22  Marine x2  
  26  3:31  Marine  
  26  3:33  Marine  
  30  3:41  Reaper x2  
  30  3:48  Factory, Factory Tech Lab  
  30  3:49  Marine  
  30  3:51  Marine  
  32  4:07  Marine  
  32  4:09  Marine  
  34  4:13  Marine, Reaper  
  22  5:19  Factory Tech Lab  
  22  5:22  Supply Depot, Orbital Command  
  22  5:27  Marine x2  
  22  5:28  Marine x2  
  26  5:30  Command Center  
  26  5:32  Siege Tank  
  29  5:45  Marine x2  
  29  5:46  Marine x2  
  32  5:58  Supply Depot  
  32  6:19  Siege Tank x2  
  32  6:21  Supply Depot  
  32  6:22  Reaper  
  32  6:23  Reaper x3  
  28  6:54  Reaper  
  28  6:55  Reaper x3  
  32  7:15  Command Center  
  32  7:22  Starport  
  32  7:27  Reaper  
  33  7:47  Hellion x2  
  33  7:48  Starport  
  37  8:30  Orbital Command  
  37  8:58  SCV  
  38  9:08  Starport Tech Lab  
  38  9:10  SCV  
  38  9:12  Starport Tech Lab  
  39  9:21  Reaper  
  40  9:41  Engineering Bay  
  34  10:22  Viking  
  34  10:25  SCV  
  37  11:26  Reaper  
  37  11:27  Reaper  
  37  11:28  SCV  
  35  11:50  Orbital Command  
  18  12:51  Orbital Command  
  18  13:18  SCV  
  19  13:30  SCV  
  2  14:11  Orbital Command  
  2  14:48  SCV  
  2  14:50  Barracks Reactor  
  3  15:00  SCV  
  4  15:12  SCV  
  5  15:24  SCV  
  6  15:36  SCV  
  7  15:48  SCV  
  8  15:55  Marine x2  
  10  16:00  SCV  
  11  16:12  SCV  
  12  16:24  SCV  
  13  16:33  Refinery  
  13  16:37  SCV  
  14  16:49  SCV  
  15  17:01  SCV  
Show
View Real Time Build Order
Export as new Build Order

Xam Zerg 

Build Orders: Pool Only 

Get SALT Encoding   

  12  0:21  Spawning Pool  
  11  0:32  Overlord  
  11  1:32  Extractor  
  10  1:35  Zergling x2  
  10  1:36  Zergling x4  
  13  2:15  Zergling x2  
  14  2:32  Zergling x4  
  16  2:55  Zergling x4  
  18  3:35  Burrow  
  10  4:58  Zergling x4  
  10  4:59  Zergling x2  
  13  5:15  Zergling x2  
  1  8:09  Drone  
Tags
 
Add a new tag
Caveats
  • Supply blocks, unpowered buildings, or Contaminate may cause inaccurate times.
  • Supply counts are checked every 10 seconds.